 Dungeon Crawl Stone Soup version 0.24-a0-494-g17ce2c7 (webtiles) character file.

Game seed: 9941832589305820175

403 silentkaos13 the Covert (level 6, -11/30 HPs)
             Began as a Spriggan Assassin on July 12, 2019.
             Splashed by a crimson imp's acid (15 damage)
             ... on level 3 of the Dungeon.
             The game lasted 00:21:47 (4603 turns).

silentkaos13 the Covert (Spriggan Assassin)         Turns: 4603, Time: 00:21:48

Health: -11/30     AC:  1    Str:  8 (9)  XL:     6   Next: 55%
Magic:  7/7        EV: 20    Int: 12      God:
Gold:   59         SH:  0    Dex: 23      Spells: 5/5 levels left

rFire    x . .     SeeInvis +   q - +2 dagger (flame)
rCold    + . .     Gourm    .   (shield restricted)
rNeg     . . .     Faith    .   r - +2 robe {MR+}
rPois    .         Spirit   .   (helmet restricted)
rElec    .         Reflect  .   c - +0 cloak
rCorr    .         Harm     .   (gloves unavailable)
MR       ++...                  (boots unavailable)
Stlth    +++++.....             (no amulet)
HPRegen  0.10/turn              j - ring of ice
MPRegen  0.10/turn              k - +5 ring of dexterity

@: corroded, very quick
A: very small, unfitting armour, see invisible, herbivore, speed 3, slow
metabolism 2
a: no special abilities


You were on level 3 of the Dungeon.
You were not hungry.

You visited 1 branch of the dungeon, and saw 4 of its levels.

You collected 59 gold pieces.

Inventory:

Hand Weapons
 a - a +2 dagger
 i - a +2 dagger of chaos
 o - a +0 short sword
 q - a +2 dagger of flaming (weapon)
Missiles
 d - 3 poisoned darts (quivered)
 e - a curare-tipped dart
Armour
 b - a +0 robe
 c - a +0 cloak (worn)
 h - a +0 leather armour
 r - a +2 robe of magic resistance (worn)
 s - a cursed -1 cloak
Jewellery
 j - a ring of ice (left hand)
 k - a +5 ring of dexterity (right hand)
Scrolls
 g - a scroll of blinking
 l - 2 scrolls of fear
 m - 2 scrolls of amnesia {unknown}
 n - a scroll of magic mapping
Comestibles
 f - 4 rations


   Skills:
 + Level 2.2 Fighting
 + Level 3.8 Short Blades
 + Level 3.4 Throwing
 + Level 3.7 Dodging
 + Level 9.0 Stealth


You had 5 spell levels left.
You didn't know any spells.
Your spell library was empty.

Dungeon Overview and Level Annotations

Branches:
Dungeon (4/15)
 Temple: D:4-7

Altars:
Ru
Xom

Shops:
D:4 }

Annotations:
D:4 Pikel


Innate Abilities, Weirdness & Mutations

You are very small and have problems with some larger weapons.
You are too small for most types of armour.
You have supernaturally acute eyesight. (SInv)
You are a herbivore.
You cover ground extremely quickly.
You need to consume almost no food.


Message History

You start resting.
The crimson imp is too close now for your liking.
The crimson imp shouts!
You hit the crimson imp but do no damage.
The crimson imp closely misses you.
You hit the crimson imp but do no damage.
The crimson imp closely misses you.
You closely miss the crimson imp. The crimson imp completely misses you.
You barely miss the crimson imp.
The crimson imp zaps a wand.
The bolt of acid misses you.
You hit the crimson imp but do no damage.
You hit the crimson imp but do no damage.
The crimson imp zaps a wand.
The bolt of acid misses you.
You hit the crimson imp.
The crimson imp is moderately wounded.
The crimson imp zaps a wand.
The bolt of acid hits you!
* * * LOW HITPOINT WARNING * * *
The acid corrodes you!
You are splashed with acid!
Ouch! That really hurt!
You die...

#....##########.####....###
#>...# #5.#....###
#####....###########...#.##
#................# ##..#.#
#................# #....#
#................# ###..##
#................###.....##
###########....>.##..###..##
###.@####..# ##..#
#.5##...######.####
##.........###.)..#
#..........#####<#
#...........# #.#
##..........# #.#
#############.......[...####5#
#.........(.............##....
#......#####..............5#.#


You could see a crimson imp.

Vanquished Creatures
  An ogre (D:3)
  A scorpion (D:4)
  A crimson imp (D:3)
  A hound (D:4)
  An orc wizard (D:4)
  Jessica (D:2)
  A worker ant (D:2)
  5 adders
  An ooze (D:2)
  A worm (D:2)
  A dart slug (D:1)
  4 leopard geckos (D:3)
  10 orcs
  9 bats
  3 giant cockroaches
  5 goblins
  10 hobgoblins
  3 kobolds
  A quokka (D:3)
  5 frilled lizards
  A leopard gecko skeleton (D:2)
  11 rats
77 creatures vanquished.

Notes
Turn   | Place    | Note
-------+----------+-------------------------------------------
     0 | D:1      | silentkaos13 the Spriggan Assassin began the quest for the
                  | Orb.
     0 | D:1      | Reached XP level 1. HP: 10/10 MP: 2/2
    14 | D:1      | Reached skill level 6 in Stealth
   155 | D:1      | Reached XP level 2. HP: 12/14 MP: 3/3
   502 | D:2      | Reached skill level 7 in Stealth
   502 | D:2      | Reached XP level 3. HP: 18/18 MP: 4/4
  1244 | D:2      | Reached XP level 4. HP: 23/23 MP: 5/5
  1455 | D:2      | Found a sacrificial altar of Ru.
  1460 | D:2      | Reached skill level 8 in Stealth
  1779 | D:2      | Noticed Jessica
  1797 | D:2      | Killed Jessica
  2151 | D:3      | Found a shimmering altar of Xom.
  2233 | D:3      | Reached XP level 5. HP: 14/26 MP: 6/6
  2249 | D:3      | HP: 1/26 [poisoned by a crimson imp]
  2857 | D:3      | Noticed an ogre
  2875 | D:3      | Killed an ogre
  3580 | D:3      | Reached XP level 6. HP: 29/30 MP: 7/7
  3609 | D:3      | Found a faded altar of an unknown god.
  4150 | D:4      | Found Amose's Gadget Emporium.
  4226 | D:4      | HP: 1/30 [orc/+0 hand axe (4)]
  4431 | D:4      | Reached skill level 9 in Stealth
  4445 | D:4      | Noticed a slave
  4446 | D:4      | Noticed a slave
  4446 | D:4      | Noticed a slave
  4446 | D:4      | Noticed a slave
  4448 | D:4      | Noticed Pikel
  4603 | D:3      | Splashed by a crimson imp's acid

Levels and vault maps discovered:
D:1:      minmay_arrival_three_doors, layout_rooms
D:2:      layout_basic, nicolae_ru_sacrificial_ziggurat, uniq_jessica
D:3:      layout_rooms, led_xom_imps, chequers_ecumenical_altar_simple
D:4:      gammafunk_steamed_eel, layout_cave_pools, serial_shops, shop,
          uniq_natasha, uniq_pikel

Skill      XL: |  1  2  3  4  5  6 |
---------------+-------------------+-----
Stealth        | 6 7 8 9 |  9.0
Dodging        | 2 3 |  3.7
Short Blades   | 3 |  3.8
Throwing       | 3 |  3.4
Fighting       | 2 |  2.2

Action                   |  1- 3 |  4- 6 || total
-------------------------+-------+-------++-------
Melee: Dagger            |    49 |   524 ||   573
       Short sword       |       |    19 ||    19
Throw: Dart              |    17 |    77 ||    94
  Use: Potion            |       |     4 ||     4
       Scroll            |       |     9 ||     9
 Stab: Sleeping          |    17 |     9 ||    26
       Invisible         |       |     1 ||     1
  Eat: Ration            |       |     2 ||     2
Armor: Robe              |     6 |    89 ||    95
       Skin              |       |    16 ||    16
Dodge: Dodged            |    25 |   339 ||   364

Table legend:
 A = Non-vault XP
 B = Vault XP
 C = Vault XP percentage of total XP
 D = Non-vault monster count
 E = Vault monster count
 F = Vault count percentage of total count
                 A         B        C        D         E       F
            +---------+---------+-------+---------+---------+-------
      Total |     492 |      85 |  14.7 |      75 |       2 |   2.6
            +---------+---------+-------+---------+---------+-------
        D:1 |      23 |       0 |   0.0 |      14 |       0 |   0.0
        D:2 |     103 |      37 |  26.4 |      26 |       1 |   3.7
        D:3 |     198 |      48 |  19.5 |      26 |       1 |   3.7
        D:4 |     168 |       0 |   0.0 |       9 |       0 |   0.0
            +---------+---------+-------+---------+---------+-------
